Arrhythmia, chaotic female vampiric Convict ------- |...<..## --- |.....|## |. -------## |.- # |.| # |.| # |.-+- # |... # |.{ #### #|.. #------ #|. #-%....######|.- |....| #|.| |.%..| #|.| |..>.| @_@| |....| |.- |....| .. ------ ---- Arrhythmia the Jail-bird Experience level: 7 Strength: 14 Dexterity: 11 Constitution: 20 Intelligence: 11 Wisdom: 10 Charisma: 8 Health: 0(76) Energy: 39(39) AC: 9 Gold: 0 Moves: 2230 Your Inventory: Armor b - a cursed +0 striped shirt (being worn) g - a cursed +0 iron skull cap [of aggravation (orcish helm)] (being worn) y - an [uncursed] +0 hooded cloak [dwarvish] (being worn) Tools f - an [uncursed] bag called Holding [of holding] m - an [uncursed] skeleton key D - an [uncursed] partly used [tallow] candle (lit) Iron balls c - an [uncursed] heavy iron ball (chained to you) Contents of the bag of holding: 386 gold pieces an [uncursed +0] broad pick [dwarvish mattock] an [uncursed +0] hard hat [dwarvish iron helm] an [uncursed +0] hooded cloak [dwarvish] an [uncursed +0] hooded cloak [dwarvish] an [uncursed] +0 iron skull cap [of fire resistance (orcish helm)] an [uncursed] Hot Futa Mare Dick an [uncursed] scroll labeled PHOL ENDE WODAN [of taming] a [blessed] scroll labeled PRATYAVAYAH [of enchant weapon] a [cursed] scroll labeled YUM YUM [of create monster] an [uncursed] scroll labeled YUM YUM [of create monster] a [blessed] scroll of teleportation an [uncursed] pink spellbook [of sleep] an [uncursed] yellow spellbook [of confuse monster] an [uncursed] ochre potion [of enlightenment] an [uncursed] ruby ring [of shock resistance] an [uncursed] wooden ring [of invisibility] an [uncursed] wand of digging [0:6] an [uncursed] wand of slow monster [0:5] an [uncursed] lock pick an [uncursed] stethoscope an [uncursed] stone called Touch [touchstone] Spells known in the end: Name Level Category Fail Memory Your skills at the end: Fighting Skills Weapon Skills sling [Basic / Skilled] Spellcasting Skills Final Attributes: You were piously aligned. Hunger level was 41. Your alignment was 20 / 21. Monster difficulty range was 1 - 6. Level difficulty was 6. You were immune to poison. You were immune to level-drain. You were immune to sickness. You were punished. You aggravated monsters. You could fly. You could survive without air. You regenerated. Your luck was zero. You are dead. Vanquished creatures: a violet fungus 4 gnome lords a gnomish wizard a black naga hatchling an elf zombie a floating eye 4 dwarves 4 rothes a rabid rat a centipede 3 killer bees an acid blob 3 hobbits a large kobold a brown mold a green mold 24 gnomes 6 garter snakes a gecko a jackal 2 kobolds 2 goblins 3 sewer rats 3 grid bugs a lichen 2 newts 74 creatures vanquished. Voluntary challenges: You went without food. You never hit with a wielded weapon. You read items or engraved 2 times. You put on armor 4 times. You never genocided any monsters. You never polymorphed an object. You never changed form. You used no wishes. You abstained from Elbereth's help. You never encountered a bones level. You never used any Sokoban shortcuts. Dungeon overview: The Dungeons of Doom: levels 1 to 3 Level 1 some fountains, a sink a long staircase Level 3 a sink stairs to The Gnomish Mines The Gnomish Mines: levels 4 to 6 Level 4 stairs to The Dungeons of Doom Level 6 <- You were here a fountain History has recorded: On T:1 you entered the Dungeons of Doom to retrieve the Amulet of Yendor! On T:336 you reached level 2 of The Dungeons of Doom. On T:850 you advanced to experience level 2. On T:990 you advanced to experience level 3. On T:1060 you advanced to experience level 4. On T:1139 you reached level 3 of The Dungeons of Doom. On T:1464 you reached level 1 of The Gnomish Mines. On T:1469 you advanced to experience level 5. On T:1612 you advanced to experience level 6. On T:1793 you reached level 2 of The Gnomish Mines. On T:1980 you advanced to experience level 7. On T:2182 you reached level 3 of The Gnomish Mines. Latest messages: The door opens. A watch captain yells: "Hey! You are the one from the wanted poster!" You see an angry guard approaching! The watch captain zaps an ebony wand! The bolt of cold hits you! The bolt of cold bounces! [HP-14=62] [HP+1=63] [HP+1=64] The watch captain zaps a wand of cold! The bolt of cold hits you! The bolt of cold bounces! The bolt of cold hits you! The bolt of cold hits the watch captain! [HP-41=23] The doorway blocks your way. The watch captain zaps a wand of cold! The bolt of cold hits you! You hear the wailing of the Banshee... The bolt of cold bounces! The bolt of cold hits you! You die... Final status: Goodbye Arrhythmia the Convict... You died in The Gnomish Mines on dungeon level 6 with 714 points, and 386 pieces of gold, after 2230 moves. You were level 7 with a maximum of 76 hit points when you died.